 Dungeon Crawl Stone Soup version 0.21.0 (webtiles) character file.

20407 Lovchig the Cleaver (level 12, -1/112 HPs)
             Began as a Deep Dwarf Fighter on Jan 7, 2018.
             Was a High Priest of the Shining One.
             Succumbed to a soldier ant's poison
             ... on level 13 of the Dungeon.
             The game lasted 00:26:01 (9097 turns).

Lovchig the Cleaver (Deep Dwarf Fighter)            Turns: 9097, Time: 00:26:01

Health: -1/112     AC: 18    Str: 28    XL:     12   Next: 45%
Magic:  0/0        EV: 10    Int: 11    God:    the Shining One [*****.]
Gold:   650        SH: 13    Dex: 12    Spells: 11/11 levels left

rFire    . . .     SeeInvis .   a - +1 war axe
rCold    . . .     Gourm    .   c - +1 shield
rNeg     + + .     Faith    .   w - +1 plate armour {MR+}
rPois    .         Spirit   .   G - +0 helmet
rElec    .         Reflect  .   x - +0 cloak (curse)
rCorr    .         Harm     .   (no gloves)
MR       ++...                  (no boots)
Stlth    ..........             (no amulet)
HPRegen  0.00/turn              E - +3 ring of strength
MPRegen  0.07/turn              l - +2 ring of intelligence

@: lethally poisoned (-1 -> -13), non-regenerating, glowing
A: damage resistance, heal wounds, sense surroundings 2, no regeneration
a: Heal Wounds, Divine Shield, Cleansing Flame, Summon Divine Warrior, Renounce
Religion


You were on level 13 of the Dungeon.
You worshipped the Shining One.
The Shining One was extremely pleased with you.
You were not hungry.

You visited 2 branches of the dungeon, and saw 14 of its levels.

You collected 650 gold pieces.

Inventory:

Hand Weapons
 a - a +1 war axe (weapon)
Armour
 c - a +1 shield (worn)
 d - a +2 helmet
 w - a +1 plate armour of magic resistance (worn)
 x - a cursed +0 cloak (worn)
 G - a +0 helmet (worn)
Jewellery
 l - a +2 ring of intelligence (right hand)
 u - an uncursed ring of protection from fire
 E - a +3 ring of strength (left hand)
 L - an uncursed ring of protection from cold
Wands
 p - a wand of iceblast (10)
 v - a wand of acid (17)
 y - a wand of digging (30)
 C - a wand of polymorph (12)
 D - a wand of scattershot (7)
 F - a wand of paralysis (9)
Scrolls
 e - 7 scrolls of remove curse
 g - 2 scrolls of teleportation
 h - 4 scrolls of fog
 k - 2 scrolls of enchant weapon
 A - a scroll of magic mapping
 J - a scroll of blinking
Potions
 i - a potion of cancellation
 j - a potion of heal wounds
 n - 2 potions of agility
 o - 6 potions of curing
 q - 4 potions of haste
 r - a potion of berserk rage
 s - a potion of flight
 t - 3 potions of mutation {unknown}
 z - a potion of resistance {unknown}
 B - 3 potions of lignification {unknown}
Miscellaneous
 M - a box of beasts
Comestibles
 b - 9 chunks of flesh
 f - 22 rations


   Skills:
 * Level 8.6 Fighting
 * Level 14.3 Axes
 * Level 9.3 Armour
 * Level 7.4 Dodging
 * Level 9.8 Shields


You had 11 spell levels left.
You didn't know any spells.

Dungeon Overview and Level Annotations

Branches:
Dungeon (13/15)            Temple (1/1) D:6            Lair (0/6) D:11
    Orc (0/2) D:10
 Vaults: D:13-14

Altars:
Elyvilon
Fedhas
Hepliaklqana
Kikubaaqudgha
Makhleb
Nemelex Xobeh
Qazlal
Ru
Sif Muna
Trog
Uskayaw
Xom
The Shining One


Innate Abilities, Weirdness & Mutations

You are resistant to damage.
You can heal yourself by infusing magical energy.
You passively map the area around you.
You do not regenerate.


Message History

The soldier ant stings you.
You are lethally poisoned!
The soldier ant poisons you!
* * * LOW HITPOINT WARNING * * *
You feel very sick.
The bullfrog hits you but does no damage.
Found a robe.
You feel a little less clever now.
* * * LOW HITPOINT WARNING * * *
You feel very sick.
* * * LOW HITPOINT WARNING * * *
You feel very sick. The bullfrog barely misses you.
* * * LOW HITPOINT WARNING * * *
You feel sick.
You found a teleport trap!
The Shining One protects you from harm! You block the bullfrog's attack.
Unknown command.
You die...

#.......).###....##.
####........... , *
* * ...............
, *, ####..Q......##
, , ,,
####.........#* , ,
,.[...........##, *
, ,####.^Fa.......
,,,* #.........## ,
* #..@......#* , *,
, #........... *, ,
* ** #..########.,
,* #.# * #.* ##*


You could see a tengu warrior, a soldier ant and a bullfrog.

Vanquished Creatures
  The ghost of Lovchig the Cleaver, a journeyman DDFi of the Shining One (D:12)
  6 two-headed ogres
  2 unseen horrors
  3 ugly things
  A cyclops (D:11)
  2 manticores (D:12)
  3 trolls
  A hornet (D:7)
  2 hippogriffs
  11 slime creatures
  Sigmund (D:4)
  2 vampires
  4 wyverns
  2 hungry ghosts
  A soldier ant (D:13)
  Menkaure (D:5)
  2 wargs (D:11)
  Edmund (D:4)
  2 water moccasins (D:12)
  5 orc warriors
  3 sky beasts
  An ice beast (D:10)
  An eye of draining (D:11)
  A phantom (D:10)
  2 black bears
  5 ogres
  17 centaurs
  A crocodile (D:9)
  2 big kobolds (D:10)
  5 bullfrogs
  4 scorpions
  18 wights
  6 howler monkeys
  3 centaur zombies
  7 crimson imps
  6 orc priests
  A centaur skeleton (D:7)
  A gnoll shaman (D:8)
  4 hounds
  7 jellies
  10 orc wizards
  5 bullfrog skeletons
  An iguana (D:8)
  15 worker ants
  A killer bee zombie (D:6)
  2 hound zombies (D:7)
  10 gnolls (D:8)
  10 adders
  2 shadow imps
  2 oozes
  An adder skeleton (D:7)
  2 worms (D:2)
  2 dart slugs
  5 leopard geckos
  41 orcs
  4 ball pythons
  2 bats
  2 giant cockroaches
  11 goblins
  5 hobgoblins
  6 jackals
  4 quokkas
  5 frilled lizards
  13 kobolds
  A leopard gecko skeleton (D:4)
  A quokka skeleton (D:8)
  12 rats
323 creatures vanquished.

Vanquished Creatures (others)
  A gnoll (D:8)
  A kobold (D:13)
  A plant (D:11)
3 creatures vanquished.

Grand Total: 326 creatures vanquished

Notes
Turn   | Place    | Note
-------+----------+-------------------------------------------
     0 | D:1      | Lovchig the Deep Dwarf Fighter began the quest for the Orb.
     0 | D:1      | Reached XP level 1. HP: 20/20 MP: 1/1
   166 | D:1      | Reached XP level 2. HP: 27/27 MP: 2/2
   596 | D:2      | Reached XP level 3. HP: 30/34 MP: 3/3
   946 | D:2      | Reached skill level 3 in Axes
   969 | D:2      | Found a bloodstained altar of Trog.
  1495 | D:3      | Reached XP level 4. HP: 34/42 MP: 4/4
  1539 | D:3      | Reached skill level 1 in Dodging
  1667 | D:3      | Found a hide-covered altar of Uskayaw.
  1841 | D:3      | Found a blossoming altar of Fedhas.
  2126 | D:4      | Noticed a sky beast
  2188 | D:4      | Killed a sky beast
  2188 | D:4      | Reached skill level 4 in Axes
  2188 | D:4      | Reached XP level 5. HP: 42/49 MP: 3/3
  2393 | D:4      | Found a burning altar of Makhleb.
  2399 | D:4      | Noticed Sigmund
  2400 | D:4      | Noticed Edmund
  2405 | D:4      | Reached XP level 6. HP: 39/56 MP: 4/4
  2429 | D:4      | Killed Sigmund
  2429 | D:4      | Reached skill level 5 in Axes
  2432 | D:4      | Killed Edmund
  2432 | D:4      | Reached skill level 5 in Armour
  2432 | D:4      | Reached XP level 7. HP: 38/63 MP: 5/5
  2770 | D:5      | Entered Level 5 of the Dungeon
  2806 | D:5      | Found a deep blue altar of Sif Muna.
  2841 | D:5      | Noticed Menkaure
  2956 | D:5      | Reached skill level 6 in Axes
  2956 | D:5      | Reached skill level 5 in Shields
  3109 | D:5      | Killed Menkaure
  3109 | D:5      | Reached XP level 8. HP: 57/72 MP: 4/4
  3447 | D:6      | Reached skill level 7 in Axes
  3523 | D:6      | Found a staircase to the Ecumenical Temple.
  3532 | Temple   | Entered the Ecumenical Temple
  3538 | Temple   | Became a worshipper of the Shining One
  3580 | D:6      | Reached skill level 8 in Axes
  3837 | D:6      | Found a sacrificial altar of Ru.
  4453 | D:7      | Noticed a hornet
  4459 | D:7      | Killed a hornet
  4459 | D:7      | Reached skill level 5 in Fighting
  4459 | D:7      | Gained mutation: You passively map the area around you. [Deep Dwarf growth]
  4459 | D:7      | Reached XP level 9. HP: 44/81 MP: 4/4
  4485 | D:7      | Reached * piety under the Shining One
  4512 | D:7      | Reached skill level 9 in Axes
  4991 | D:7      | Reached ** piety under the Shining One
  5282 | D:8      | Found a shimmering altar of Xom.
  5463 | D:8      | Noticed a two-headed ogre
  5470 | D:8      | Killed a two-headed ogre
  5470 | D:8      | Reached skill level 10 in Axes
  5500 | D:8      | Reached XP level 10. HP: 60/91 MP: 2/2
  5701 | D:8      | Reached skill level 5 in Dodging
  6190 | D:9      | Reached skill level 11 in Axes
  6576 | D:10     | Entered Level 10 of the Dungeon
  6740 | D:10     | Reached *** piety under the Shining One
  6841 | D:10     | Found a staircase to the Orcish Mines.
  6967 | D:10     | Noticed an unseen horror
  6987 | D:10     | Killed an unseen horror
  7444 | D:11     | Reached skill level 12 in Axes
  7667 | D:11     | Noticed a two-headed ogre
  7676 | D:11     | Killed a two-headed ogre
  7676 | D:11     | Reached XP level 11. HP: 48/99 MP: 3/3
  7846 | D:11     | Found a staircase to the Lair.
  7846 | D:11     | Noticed a two-headed ogre
  7854 | D:11     | Killed a two-headed ogre
  8082 | D:11     | Reached **** piety under the Shining One
  8177 | D:11     | Noticed a brown ugly thing
  8192 | D:11     | Killed a brown ugly thing
  8192 | D:11     | Reached skill level 13 in Axes
  8274 | D:12     | Noticed Lovchig's ghost (journeyman DDFi)
  8303 | D:12     | Killed Lovchig's ghost
  8322 | D:12     | Noticed a purple ugly thing
  8332 | D:12     | Killed a purple ugly thing
  8383 | D:12     | Noticed a green ugly thing
  8395 | D:12     | Noticed an unseen horror
  8399 | D:12     | Killed a green ugly thing
  8418 | D:12     | Killed an unseen horror
  8418 | D:12     | Reached XP level 12. HP: 39/110 MP: 1/1
  8431 | D:12     | Noticed a two-headed ogre
  8440 | D:12     | Killed a two-headed ogre
  8887 | D:13     | Noticed a two-headed ogre
  8897 | D:13     | Killed a two-headed ogre
  8897 | D:13     | Reached skill level 14 in Axes
  8933 | D:13     | Reached ***** piety under the Shining One
  8996 | D:13     | Noticed a two-headed ogre
  9009 | D:13     | Killed a two-headed ogre
  9033 | D:13     | Got a faintly glowing great mace
  9068 | D:13     | Noticed a catoblepas
  9086 | D:13     | Noticed a tengu warrior
  9094 | D:13     | HP: 4/112 [poisoned by a soldier ant]
  9096 | D:13     | The Shining One protects you from harm!
  9097 | D:13     | Succumbed to a soldier ant's poison

Skill      XL: |  1  2  3  4  5  6  7  8  9 10 11 12 |
---------------+-------------------------------------+-----
Fighting       | 3 4 5 6 8 |  8.6
Axes           | 3 4 5 6 8 10 12 13 14 | 14.3
Dodging        | 1 2 3 4 5 6 7 |  7.4
Shields        | 4 5 6 8 9 |  9.8
Armour         | 4 5 6 7 8 9 |  9.3

Action                   |  1- 3 |  4- 6 |  7- 9 | 10-12 || total
-------------------------+-------+-------+-------+-------++-------
Melee: War axe           |   111 |   172 |   314 |   535 ||  1132
 Abil: Heal Wounds       |       |     9 |    15 |    17 ||    41
  Use: Scroll            |     1 |       |     9 |    11 ||    21
       Potion            |       |       |       |     4 ||     4
  Eat: Chunk             |     2 |     3 |     7 |    17 ||    29
       Ration            |       |       |     1 |       ||     1
Armor: Scale mail        |    49 |   107 |    71 |       ||   227
       Plate armour      |       |       |    34 |   236 ||   270
Dodge: Dodged            |    43 |    44 |   100 |   160 ||   347
Block: Shield            |    78 |    87 |   138 |   366 ||   669
